 Dungeon Crawl Stone Soup version 0.17.1-1-g73c8601 (webtiles) character file.

199 Mysteryquy the Chopper (level 5, 0/45 HPs)
             Began as a Minotaur Fighter on Jan 7, 2016.
             Was an Initiate of Okawaru.
             Slain by a quokka (3 damage)
             ... summoned by Eustachio
             ... on level 4 of the Dungeon.
             The game lasted 00:04:15 (2559 turns).

Mysteryquy the Chopper (Minotaur Fighter)           Turns: 2559, Time: 00:04:15

Health: 0/45       AC:  6    Str: 26    XL:     5   Next: 48%
Magic:  4/4        EV:  7    Int:  5    God:    Okawaru [......]
Gold:   97         SH: 10    Dex: 10    Spells: 0 memorised, 4 levels left

rFire  . . .     SeeInvis .     a - +0 war axe
rCold  . . .     Clarity  .     b - +0 scale mail
rNeg   . . .     SustAt   .     c - +0 shield
rPois  .         Gourm    .     (helmet restricted)
rElec  .         Spirit   .     (no cloak)
rCorr  .         Warding  .     (no gloves)
rMut   .         Stasis   .     (no boots)
MR     .....                    (no amulet)
Stlth  ..........               (no ring)
                                (no ring)

@: mighty, not resistant to hostile enchantments, extremely unstealthy
A: retaliatory headbutt, horns 2
a: Renounce Religion


You were on level 4 of the Dungeon.
You worshipped Okawaru.
Okawaru was noncommittal.
You were very hungry.

You visited 1 branch of the dungeon, and saw 4 of its levels.

You collected 97 gold pieces.

Inventory:

Hand Weapons
 a - a +0 war axe (weapon)
Armour
 b - a +0 scale mail (worn)
 c - a +0 shield (worn)
Scrolls
 f - 3 scrolls of teleportation {unknown}
 g - 2 scrolls of remove curse {unknown}
 i - 2 scrolls of blinking {unknown}
 k - a scroll of recharging {unknown}
 l - a scroll of fear {unknown}
 m - a scroll of enchant armour {unknown}
 n - 7 scrolls of identify {unknown}
 p - 2 scrolls of fog {unknown}
 q - a scroll of noise {unknown}
 u - a scroll of random uselessness {unknown}
 v - a scroll of immolation {unknown}
Potions
 d - a potion of might
 h - a potion of agility {unknown}
 j - 5 potions of curing {unknown}
 o - a potion of brilliance {unknown}
 r - a potion of poison {unknown}
 s - 2 potions of degeneration {unknown}
 t - a potion of haste {unknown}
Comestibles
 e - a bread ration


   Skills:
 - Level 3.6 Fighting
 + Level 7.0 Axes
 - Level 3.6 Armour
 - Level 3.6 Shields


You had 4 spell levels left.
You didn't know any spells.

Dungeon Overview and Level Annotations

Branches:
Dungeon (4/15)             Temple (0/1) D:4

Altars:
Okawaru
Ru
Trog

Annotations:
D:4 Eustachio


Innate Abilities, Weirdness & Mutations

You reflexively headbutt those who attack you in melee.
You have a pair of horns on your head.


Message History

You bump into the rock wall.
Eustachio gestures wildly while chanting.
The ufetubus hits you but does no damage. x2
You're too confused to move!
The ufetubus hits you.
* * * LOW HITPOINT WARNING * * *
The ufetubus barely misses you.
Eustachio mumbles some strange words.
Eustachio blinks!
The ufetubus closely misses you. The ufetubus hits you.
* * * LOW HITPOINT WARNING * * *
You slash the rat!
You kill the rat!
The rat's corpse disappears in a puff of smoke!
You miss the ufetubus. You closely miss the quokka.
You feel less confused. You block the ufetubus's attack.
The ufetubus barely misses you. You block the quokka's attack.
Eustachio mumbles some strange words.
Eustachio blinks!
The quokka bites you.
You die...

.#.....#.#.##.# .#
.'.....#.#.##.# .#
.#.....#.#.##.## .#
.#.....#.#.##..#######.# #
.#######.#.............#.#
.#######..........@......#
.#.........###..####.....#
...#######.#....r55rr..#.#
................@###.#.#.#
...........##.##.# #.#.# #
#.#######<..#.##..##.#.#
#^#########.#.##..##.#.#
........# #.#.###.##.#.#
..#####.# #.#.# ..#.# ..#
##.###.#.# ..#.#
#.####......#.# ..#
........#...#.####


You could see a river rat, 2 ufetubi and 2 quokkas.

Vanquished Creatures
  An iguana (D:4)
  A worker ant (D:4)
  5 adders (D:2)
  4 gnolls (D:2)
  An ooze (D:2)
  A worm (D:2)
  3 giant geckos
  2 orcs
  6 bats
  4 giant cockroaches
  7 goblins
  4 hobgoblins
  4 jackals
  3 kobolds
  5 giant newts
  10 rats
61 creatures vanquished.

Notes
Turn   | Place    | Note
--------------------------------------------------------------
     0 | D:1      | Mysteryquy the Minotaur Fighter began the quest for the Orb.
     0 | D:1      | Reached XP level 1. HP: 19/19 MP: 0/0
   511 | D:1      | Reached XP level 2. HP: 24/26 MP: 1/1
   845 | D:2      | Reached skill level 4 in Axes
   865 | D:2      | Reached XP level 3. HP: 19/31 MP: 2/2
   922 | D:2      | Reached skill level 5 in Axes
  1192 | D:2      | Noticed a moth of wrath
  1195 | D:2      | Found a bloodstained altar of Trog.
  1199 | D:2      | Reached XP level 4. HP: 39/39 MP: 3/3
  1602 | D:2      | Reached skill level 6 in Axes
  1753 | D:3      | Found an iron altar of Okawaru.
  1768 | D:3      | Became a worshipper of Warmaster Okawaru
  2051 | D:3      | Reached XP level 5. HP: 45/45 MP: 4/4
  2349 | D:4      | Found a sacrificial altar of Ru.
  2391 | D:4      | Found a staircase to the Ecumenical Temple.
  2436 | D:4      | Noticed Eustachio
  2444 | D:4      | Reached skill level 7 in Axes
  2559 | D:4      | Slain by a quokka

Action                   |  1- 3 |  4- 6 || total
-------------------------+-------+-------++-------
Melee: War axe           |    49 |   104 ||   153
  Use: Potion            |       |     1 ||     1
  Eat: Chunk             |     1 |     3 ||     4
